 Dungeon Crawl Stone Soup version 0.27-a0-492-ga4bb394fd4 (webtiles) character file.

Game seed: 3257591542626641168

67 Nattfarinn the Insei (level 4, -1/28 HPs)
             Began as an Octopode Transmuter on Mar 2, 2021.
             Slain by a leopard gecko skeleton (4 damage)
             ... on level 3 of the Dungeon.
             The game lasted 00:02:34 (2884 turns).

Nattfarinn the Insei (Octopode Transmuter)          Turns: 2884, Time: 00:02:34

Health: -1/28      AC:  1    Str:  9    XL:     4   Next: 18%
Magic:  7/7        EV: 13    Int: 16    God:
Gold:   42         SH:  0    Dex: 12    Spells: 3/7 levels left

rFire    . . .     SeeInvis .     - Unarmed
rCold    . . .     Faith    .   (no shield)
rNeg     . . .     Spirit   .   (helmet restricted)
rPois    .         Reflect  .   (no amulet)
rElec    .         Harm     .   h - ring of willpower
rCorr    .         Rampage  .   (no ring)
Will     +....                  (no ring)
Stlth    ++........             (no ring)
HPRegen  0.09/turn              (no ring)
MPRegen  0.10/turn              (no ring)
                                (no ring)
                                (no ring)

@: mighty, lethally poisoned (-1 -> -5)
A: almost no armour, stealthy swim, amphibious, 8 rings, constrict 8, camouflage
1, gelatinous body 1
a: no special abilities


You were on level 3 of the Dungeon.
You visited 1 branch of the dungeon, and saw 3 of its levels.

You collected 42 gold pieces.

Inventory:

Jewellery
 h - a ring of willpower (left tentacle)
Scrolls
 a - a scroll of noise {unknown}
 b - 3 scrolls of teleportation {unknown}
 c - 2 scrolls of magic mapping {unknown}
 d - 2 scrolls of identify {unknown}
 e - a scroll of enchant weapon {unknown}
 f - a scroll of enchant armour {unknown}
Potions
 i - a potion of degeneration {unknown}


   Skills:
 - Level 1.0 Fighting
 - Level 2.0 Dodging
 + Level 3.7 Unarmed Combat
 - Level 2.0 Spellcasting
 * Level 3.7 Transmutations


You had 3 spell levels left.
You knew the following spells:

 Your Spells              Type           Power        Failure   Level
a - Beastly Appendage     Tmut           26%          4%          1
b - Spider Form           Tmut/Pois      3%           28%         3

Your spell library contained the following spells:

 Spells                   Type           Power        Failure   Level
 Wereblood                Tmut           13%          7%          2
 Ice Form                 Ice/Tmut       7%           67%         4
 Blade Hands              Tmut           6%           77%         5


Dungeon Overview and Level Annotations

Branches:
Dungeon (3/15)

Altars:
Ashenzari
Fedhas

Annotations:
D:2 1 runed translucent door, exclusion: oklob plant, Crazy Yiuf


Innate Abilities, Weirdness & Mutations

You cannot wear most types of armour.
You are very stealthy in the water. (Stealth+)
You are amphibious.
You can wear up to eight rings at the same time.
You can use your tentacles to constrict eight enemies at once.
Your skin changes colour to match your surroundings (Stealth+).
Your rubbery body absorbs attacks. (AC +1, EV +1)


Message History

The helpless worker ant zombie fails to defend itself.
You tentacle-slap the worker ant zombie.
You grab the worker ant zombie.
The worker ant zombie is lightly damaged.
You constrict the worker ant zombie.
The worker ant zombie bites you but does no damage.
You tentacle-slap the worker ant zombie.
The worker ant zombie is moderately damaged.
You constrict the worker ant zombie.
The adder hisses angrily.
You tentacle-slap the worker ant zombie.
The worker ant zombie is heavily damaged.
You constrict the worker ant zombie. The worker ant zombie bites you.
The leopard gecko zombie barely misses you.
You closely miss the adder. You grab the adder.
You constrict the worker ant zombie. You constrict the adder.
The worker ant zombie bites you. The adder bites you but does no damage.
The leopard gecko zombie bites you.
You tentacle-slap the adder.
The adder is heavily wounded.
You constrict the worker ant zombie. You constrict the adder.
The adder bites you.
You are poisoned.
The adder poisons you! The worker ant zombie bites you.
The leopard gecko zombie bites you.
You tentacle-slap the adder.
The adder is almost dead.
You constrict the worker ant zombie. You constrict the adder.
You kill the adder!
You feel sick. The leopard gecko skeleton misses you.
The worker ant zombie bites you.
* * * LOW HITPOINT WARNING * * *
The leopard gecko zombie bites you.
* * * LOW HITPOINT WARNING * * *
It was a potion of might.
You feel very mighty all of a sudden.
You constrict the worker ant zombie.
* * * LOW HITPOINT WARNING * * *
You feel sick. The leopard gecko skeleton bites you.
You die...

.. #. ... #.
...###. .......
+ .......#.
......P.## .
...≈≈≈≈.<+ ...
...≈≈≈≈Z##....$
..P≈≈≈Z@†......
.#.≈.≈≈Z#######
#..≈....
####.##.. ..
..# #.. ..# ...
..# .#. ...


You could see a leopard gecko zombie, a worker ant zombie and a leopard gecko
skeleton.

Vanquished Creatures
  2 adders
  An ooze (D:2)
  A worm (D:2)
  A dart slug (D:2)
  3 leopard geckos (D:2)
  A ball python (D:1)
  3 bats
  3 giant cockroaches (D:2)
  2 goblins (D:2)
  A hobgoblin (D:1)
  4 jackals (D:1)
  A frilled lizard (D:1)
  5 kobolds
  10 rats
38 creatures vanquished.

Notes
Turn   | Place    | Note
-------+----------+-------------------------------------------
     0 | D:1      | Nattfarinn the Octopode Transmuter began the quest for the
                  | Orb.
     0 | D:1      | Reached XP level 1. HP: 13/13 MP: 3/3
   104 | D:1      | Reached XP level 2. HP: 2/18 MP: 5/5
  1230 | D:2      | Found a runed translucent door.
  1231 | D:2      | Noticed Crazy Yiuf
  1329 | D:2      | Reached XP level 3. HP: 18/23 MP: 6/6
  1337 | D:2      | Learned a level 3 spell: Spider Form
  1426 | D:2      | Found a broken altar of Ashenzari.
  2374 | D:2      | Reached XP level 4. HP: 24/28 MP: 7/7
  2522 | D:2      | Found a blossoming altar of Fedhas.
  2548 | D:2      | Noticed an oklob plant
  2884 | D:3      | Slain by a leopard gecko skeleton

Illustrated notes

Levels and vault maps discovered:
D:1:      scummos_arrival_simple_fountains, layout_basic
D:2:      layout_loops_ring, tgw_fedhas, ashenzari_altar_1, minmay_heptomino_d4,
          uniq_crazy_yiuf_cottage
D:3:      wad_woods_tower, layout_basic,
          chequers_temple_overflow_statue_of_worship, ebering_ghost_sewer_f,
          serial_undead, serial_undead_f, serial_undead_a, serial_undead_b,
          serial_undead_c, minmay_misc_feat_pillars

Skill      XL: |  1  2 |
---------------+-------+-----
Transmutations | 3 |  3.7
Fighting       | |  1.0
Dodging        | |  2.0
Unarmed Combat | |  3.7
Spellcasting   | |  2.0

Action                   |  1- 3 |  4- 6 || total
-------------------------+-------+-------++-------
Melee: Unarmed           |    99 |     8 ||   107
       Constrict         |    25 |     3 ||    28
       Tentacles         |    10 |     1 ||    11
       Punch             |     1 |       ||     1
 Cast: Spider Form       |     1 |       ||     1
  Use: Potion            |       |     1 ||     1
 Stab: Sleeping          |     5 |     2 ||     7
Armor: Skin              |     6 |     3 ||     9
Dodge: Dodged            |    74 |     3 ||    77

Table legend: (Time is in decaauts)
 A = Elapsed time spent in this place.
 B = Non-inter-level travel time spent in this place.
 C = Inter-level travel time spent in this place.
 D = Time resting spent in this place.
 E = Time spent auto-exploring this place.
 F = Levels seen in this place.
 G = Mean time per level.
                   A        B        C        D        E       F      G
               +--------+--------+--------+--------+--------+-----+--------+
         Total |   2876 |   2800 |     76 |    797 |   1749 |   3 |  958.7 |
       Dungeon |   2876 |   2800 |     76 |    797 |   1749 |   3 |  958.7 |
               +--------+--------+--------+--------+--------+-----+--------+

Top non-repeatable levels by time:
     D:2: 1914 daAuts
     D:1: 953 daAuts
     D:3: 8 daAuts
